 Dungeon Crawl Stone Soup version 0.31-a0-430-gf8416d7 (webtiles) character file.

Game seed: 14831627715268346883

14963456 Wizard1ke the Pharaoh (level 27, 247/247 HPs)
             Began as a Mummy Hexslinger on July 31, 2023.
             Was an Elder of Okawaru.
             Escaped with the Orb
             ... and 13 runes!
             The game lasted 04:22:11 (78227 turns).

Wizard1ke the Pharaoh (Mummy Hexslinger)           Turns: 78227, Time: 04:22:12

Health: 247/247    AC: 23    Str: 15      XL:     27
Magic:  24/24      EV: 37    Int: 16 (17) God:    Okawaru [****..]
Gold:   9621       SH:  5    Dex: 36      Spells: 9/28 levels left

rFire   + + .        C - +9 triple crossbow (heavy)
rCold   + + .        (shield currently unavailable)
rNeg    + + +        O - +11 swamp dragon scales of Objectivity {+Inv rPois rN+ SInv}
rPois   ∞            d - +2 helmet of the Elven Halls {Dex+6}
rElec   +            r - scarf {rC+ rF+}
rCorr   +            J - -2 pair of gloves of Buapeic {Regen+ rCorr MP-9 Dex+5}
SInv    +            L - +2 pair of boots {Fly}
Will    +++++        o - amulet "Fuato" {Reflect +Inv rF+ rN++ Will- SH+5}
Stlth   +            m - ring "Goicsor" {rF+ rN+ Str+3}
HPRegen 1.41/turn    V - ring "Hanichai" {rElec Will+++ rCorr Int+2}
MPRegen 0.19/turn

%: reflection, faith
@: flying, studying Shields
A: cold resistance 1, negative energy resistance 3, torment resistance 2, heat
vulnerability 1, in touch with death 2, no potions, faith
0: Orb of Zot
}: 13/15 runes: decaying, serpentine, slimy, silver, golden, icy, bone, abyssal,
demonic, glowing, magical, fiery, dark
a: Renounce Religion, Evoke Invisibility, Heroism, Finesse


You escaped.
You worshipped Okawaru.
Okawaru was greatly pleased with you.
You visited 17 branches of the dungeon, and saw 73 of its levels.
You visited Pandemonium 3 times, and saw 21 of its levels.
You visited the Abyss 2 times.
You also visited: Sewer, Ice Cave and Volcano.

You collected 16804 gold pieces.
You spent 7183 gold pieces at shops.

Inventory:

Hand Weapons
 p - the +5 arbalest of Okawaru's Regard {speed, rF+ SInv}
   (Okawaru gifted it to you on level 2 of the Realm of Zot)

   rF:        It protects you from fire.
   SInv:      It lets you see invisible.
 C - a +9 heavy triple crossbow (weapon)
 P - a +5 triple crossbow of flaming
Missiles
 w - 10 curare-tipped darts
 S - 7 throwing nets
Armour
 c - the +2 helmet "Eceduguj" {rF+ rN+}
   (Okawaru gifted it to you on level 13 of the Dungeon)

   rF:        It protects you from fire.
   rN:        It protects you from negative energy.
 d - the +2 helmet of the Elven Halls (worn) {Dex+6}
   (You found it on level 1 of the Elven Halls)

   Dex:       It affects your dexterity (+6).
 e - the +0 robe "Cyekhuobb" {Regen+ rCorr Str-3 Dex+8}
   (Okawaru gifted it to you on level 3 of the Elven Halls)

   Str:       It affects your strength (-3).
   Dex:       It affects your dexterity (+8).
   Regen:     It increases your rate of health regeneration.
   rCorr:     It protects you from acid and corrosion.
 h - the +13 crystal plate armour of an ossuary {rF+++ Will++ Regen+ MP-9}
   (Okawaru gifted it to you on level 2 of Cocytus)

   rF:        It renders you almost immune to fire.
   MP:        It affects your magic capacity (-9).
   Regen:     It increases your rate of health regeneration.
   Will:      It greatly increases your willpower.
 r - a scarf of resistance (worn)
 G - the +5 cloak of Gravity {Will+ Int+2}
   (Okawaru gifted it to you on level 2 of Tartarus)

   Int:       It affects your intelligence (+2).
   Will:      It increases your willpower.
 H - the scarf of Acvenloe {+Inv, rElec rN+ Str+2 Slay+2}
   (Okawaru gifted it to you on level 7 of Tartarus)

   Str:       It affects your strength (+2).
   Slay:      It affects your accuracy & damage with ranged weapons and melee
   (+2).
   rElec:     It insulates you from electricity.
   rN:        It protects you from negative energy.
 J - the -2 pair of gloves of Buapeic (worn) {Regen+ rCorr MP-9 Dex+5}
   (Okawaru gifted it to you on level 4 of the Snake Pit)

   Dex:       It affects your dexterity (+5).
   MP:        It affects your magic capacity (-9).
   Regen:     It increases your rate of health regeneration.
   rCorr:     It protects you from acid and corrosion.
 L - a +2 pair of boots of flying (worn)
 N - the +3 leather armour of Rirchoarch {Will+ Dex+6}
   (You found it on level 7 of Tartarus)

   Dex:       It affects your dexterity (+6).
   Will:      It increases your willpower.
 O - the +11 swamp dragon scales of Objectivity (worn) {+Inv rPois rN+ SInv}
   (Okawaru gifted it to you on level 2 of the Lair of Beasts)

   rPois:     It protects you from poison.
   rN:        It protects you from negative energy.
   SInv:      It lets you see invisible.
   +Inv:      It lets you turn invisible.
 Y - the +1 pair of gloves of the Byakko {rPois rF+ rC+ Str+3}
   (Okawaru gifted it to you in Pandemonium)

   Str:       It affects your strength (+3).
   rF:        It protects you from fire.
   rC:        It protects you from cold.
   rPois:     It protects you from poison.
Jewellery
 i - the ring of Jokoesif {Dex+5 SInv}
   (You found it in Pandemonium)

   [ring of see invisible]

   Dex:       It affects your dexterity (+5).
   SInv:      It lets you see invisible.
 l - a ring of protection from fire
 m - the ring "Goicsor" (left hand) {rF+ rN+ Str+3}
   (You found it on level 1 of the Realm of Zot)

   [ring of positive energy]

   Str:       It affects your strength (+3).
   rF:        It protects you from fire.
   rN:        It protects you from negative energy.
 n - a +6 ring of dexterity
 o - the amulet "Fuato" (around neck) {Reflect +Inv rF+ rN++ Will- SH+5}
   (You found it on level 1 of the Realm of Zot)

   [amulet of reflection]

   It reflects blocked missile attacks.
   rF:        It protects you from fire.
   rN:        It greatly protects you from negative energy.
   +Inv:      It lets you turn invisible.
   SH:        It affects your SH (+5).
   Will:      It decreases your willpower.
 q - the amulet "Yllohili" {rPois Regen+ Dex+3}
   (You found it on level 7 of Cocytus)

   [amulet of regeneration]

   Dex:       It affects your dexterity (+3).
   rPois:     It protects you from poison.
   Regen:     It increases your rate of health regeneration.
 s - the ring of Ru's Benevolence {rCorr Dex+4 Slay+4 Stlth+}
   (You found it on level 7 of Cocytus)

   [ring of slaying]

   Dex:       It affects your dexterity (+4).
   Slay:      It affects your accuracy & damage with ranged weapons and melee
   (+4).
   rCorr:     It protects you from acid and corrosion.
   Stlth:     It makes you more stealthy.
 I - the ring "Ycuivusio" {rF+ Int+2 Dex+4}
   (You found it in Pandemonium)

   [ring of protection from fire]

   Int:       It affects your intelligence (+2).
   Dex:       It affects your dexterity (+4).
   rF:        It protects you from fire.
 V - the ring "Hanichai" (right hand) {rElec Will+++ rCorr Int+2}
   (You bought it in a shop on level 3 of the Elven Halls)

   [ring of resist corrosion]

   Int:       It affects your intelligence (+2).
   rElec:     It insulates you from electricity.
   rCorr:     It protects you from acid and corrosion.
   Will:      It greatly increases your willpower.
 W - a ring of flight
 X - an amulet of guardian spirit
 Z - the ring "Qoraat" {Fire +Blink rElec Str+3 Int-5}
   (You found it on level 3 of the Crypt)

   [ring of fire]

   It enhances your fire magic.
   Str:       It affects your strength (+3).
   Int:       It affects your intelligence (-5).
   rF:        It protects you from fire.
   rC:        It makes you vulnerable to cold.
   rElec:     It insulates you from electricity.
   +Blink:    It lets you blink.
Wands
 a - a wand of light (54)
 z - a wand of flame (246)
 B - a wand of digging (11)
 E - a wand of iceblast (90)
 K - a wand of polymorph (35)
 Q - a wand of mindburst (75)
Scrolls
 b - 10 scrolls of poison
 g - 4 scrolls of enchant weapon
 j - 17 scrolls of vulnerability
 k - 6 scrolls of immolation
 t - 10 scrolls of enchant armour
 u - 13 scrolls of teleportation
 v - 11 scrolls of revelation
 x - a scroll of amnesia
 y - 4 scrolls of torment
 D - 11 scrolls of blinking
 F - 26 scrolls of fear
 R - 5 scrolls of fog
 U - 8 scrolls of silence {!r}
Miscellaneous
 f - a tin of tremorstones (2/2)
 A - a phial of floods
 M - a figurine of a ziggurat
 T - a lightning rod (4/4)


   Skills:
 + Level 26.8 Fighting
 - Level 26.0 Ranged Weapons
 - Level 22.0 Dodging
 O Level 27 Unarmed Combat
 - Level 1.3 Spellcasting
 - Level 14.0 Hexes
 - Level 9.0 Translocations
 - Level 14.0 Transmutations
 - Level 8.0 Air Magic
 - Level 14.0 Invocations
 - Level 8.0 Evocations


You had 9 spell levels left.
You knew the following spells:

 Your Spells              Type           Power      Damage    Failure   Level
a - Slow                  Hex            100%       N/A       1%          1
b - Portal Projectile     Hex/Tloc       74%        N/A       1%          3
c - Apportation           Tloc           58%        N/A       1%          1
d - Blink                 Tloc           58%        N/A       1%          2
e - Yara's Violent Unrav  Hex/Tmut       22%        3d10      3%          5
f - Vhi's Electric Charg  Tloc/Air       56%        N/A       4%          3
g - Passage of Golubria   Tloc           29%        N/A       11%         4

Your spell library contained the following spells:

 Spells                   Type           Power      Damage    Failure   Level
 Lesser Beckoning         Tloc           58%        N/A       1%          2
 Confusing Touch          Hex            45%        N/A       1%          3
 Cause Fear               Hex            22%        N/A       1%          4
 Ensorcelled Hibernation  Hex/Ice        46%        N/A       3%          2
 Passwall                 Tmut/Erth      19%        N/A       3%          2
 Gell's Gravitas          Tloc           29%        N/A       3%          3
 Teleport Other           Tloc           29%        N/A       3%          3
 Swiftness                Air            26%        N/A       4%          3
 Dazzling Flash           Conj/Hex       46%        N/A       8%          3
 Inner Flame              Hex/Fire       23%        N/A       8%          3
 Shock                    Conj/Air       52%        1d6       9%          1
 Momentum Strike          Conj/Tloc      30%        3d8       11%         2
 Manifold Assault         Tloc           29%        N/A       11%         4
 Static Discharge         Conj/Air       26%        2-4/arc   13%         2
 Silence                  Hex/Air        18%        N/A       13%         5
 Airstrike                Air            13%        2d(2-18)  16%         4
 Ignite Poison            Fire/Tmut/Pois 16%        N/A       19%         3
 Volatile Blastmotes      Fire/Tloc      30%        2d12      21%         3
 Cigotuvi's Dreadful Rot  Necr/Pois/Air  42%        N/A       22%         2
 Fulminant Prism          Conj/Hex       11%        3d8       24%         4
 Leda's Liquefaction      Hex/Erth       11%        N/A       24%         4
 Petrify                  Tmut/Erth      23%        N/A       24%         4
 Foxfire                  Conj/Fire      4%         2x1d4     41%         1
 Kiss of Death            Conj/Necr      8%         2d6       41%         1
 Necrotise                Necr           8%         1d4       41%         1
 Scorch                   Fire           2%         2d5       54%         2
 Iskenderun's Mystic Bla  Conj/Tloc      15%        2d5       56%         4
 Alistair's Intoxication  Tmut/Pois      15%        N/A       56%         5
 Irradiate                Conj/Tmut      11%        3d15      56%         5
 Metabolic Englaciation   Hex/Ice        11%        N/A       56%         5
 Enfeeble                 Hex            22%        N/A       75%         7
 Frozen Ramparts          Ice            2%         1d1       78%         3
 Hailstorm                Conj/Ice       1%         3d3       78%         3
 Ozocubu's Armour         Ice            1%         N/A       78%         3
 Stone Arrow              Conj/Erth      2%         3d7       78%         3
 Vampiric Draining        Necr           2%         2d6       78%         3
 Dispersal                Tloc           14%        N/A       86%         6
 Arcjolt                  Conj/Air       6%         1d16      93%         5
 Eringya's Noxious Bog    Tmut/Pois      11%        4d6       98%         6
 Dispel Undead            Necr           2%         3d7       99%         4
 Flame Wave               Conj/Fire      1%         2d4       99%         4
 Olgreb's Toxic Radiance  Pois           1%         N/A       99%         4
 Sticky Flame             Conj/Fire      1%         2d3       99%         4
 Freezing Cloud           Conj/Ice/Air   4%         6-21      99%         5
 Agony                    Necr           2%         N/A       100%        5
 Borgnjor's Vile Clutch   Necr/Erth      1%         N/A       100%        5
 Fireball                 Conj/Fire      0%         3d3       100%        5
 Iskenderun's Battlesphe  Conj           1%         2d6       100%        5
 Leda's Unmaking          Conj/Erth      0%         9d1       100%        6
 Plasma Beam              Fire/Air       6%         2x1d17    100%        6
 Starburst                Conj/Fire      0%         6d3       100%        6
 Ozocubu's Refrigeration  Ice            0%         4d7       100%        7
 Discord                  Hex            22%        N/A       100%        8
 Ignition                 Fire           0%         3d3       100%        8
 Lehudib's Crystal Spear  Conj/Erth      0%         10d2      100%        8
 Maxwell's Capacitive Co  Air            13%        ∞         100%        8
 Polar Vortex             Ice            0%         N/A       100%        9
 Wereblood                Tmut           Unusable   N/A       N/A         2
 Tukima's Dance           Hex            Unusable   N/A       N/A         3
 Summon Small Mammal      Summ           Unusable   N/A       N/A         1
 Summon Mana Viper        Hex/Summ       Unusable   N/A       N/A         5
 Summon Lightning Spire   Summ/Air       Unusable   N/A       N/A         4
 Call Canine Familiar     Summ           Unusable   N/A       N/A         3
 Summon Forest            Summ/Tloc      Unusable   N/A       N/A         5
 Animate Armour           Summ/Erth      Unusable   N/A       N/A         4
 Summon Ice Beast         Ice/Summ       Unusable   N/A       N/A         4
 Simulacrum               Ice/Necr       Unusable   N/A       N/A         6
 Summon Cactus Giant      Summ           Unusable   N/A       N/A         6
 Monstrous Menagerie      Summ           Unusable   N/A       N/A         7
 Spellforged Servitor     Conj/Summ      Unusable   N/A       N/A         7
 Summon Hydra             Summ           Unusable   N/A       N/A         7
 Borgnjor's Revivificati  Necr           Unusable   N/A       N/A         8
 Dragon's Call            Summ           Unusable   N/A       N/A         9

Dungeon Overview and Level Annotations

Branches:
Dungeon (15/15)            Temple (1/1) D:5            Lair (5/5) D:9
  Swamp (4/4) Lair:2        Snake (4/4) Lair:3        Slime (5/5) Lair:5
    Orc (2/2) D:10            Elf (3/3) Orc:2        Vaults (5/5) D:13
  Crypt (3/3) Vaults:2       Tomb (3/3) Crypt:3      Depths (4/4) D:15
   Hell (visited)             Dis (0/7) Hell            Geh (1/7) Hell
    Coc (7/7) Hell            Tar (7/7) Hell            Zot (5/5) Depths:4
  Sewer (visited)           IceCv (visited)         Volcano (visited)

Altars:
Ashenzari
Cheibriados
Dithmenos
Fedhas
Gozag
Hepliaklqana
Kikubaaqudgha
Makhleb
Nemelex Xobeh
Okawaru
Qazlal
Ru
Sif Muna
Trog
Uskayaw
Vehumet
Wu Jian
Xom
Yredelemnul
Jiyva

Shops:
D:6 ?!=**   D:15 ?   Orc:2 ?(*[   Elf:2 ?   Elf:3 =:=   Snake:1 ==(*
Snake:4 !*   Vaults:1 [   Vaults:4 (   Vaults:5 (?!???

Portals:
Hell: Depths:1 Depths:2 Depths:3 Depths:4
Abyss: Depths:2 Depths:3 Depths:4
Pandemonium: Depths:1 Depths:2
Ziggurat: Depths:2

Annotations:
D:4 1 runed translucent door, exclusion: door, Crazy Yiuf
Swamp:1 2 transporters, exclusion: obsidian statue, Roxanne
Elf:2 3 runed translucent doors
Vaults:5 !vaults warning
Crypt:2 Mennas
Zot:3 4 transporters


Innate Abilities, Weirdness & Mutations

You are immune to poison.
Your flesh is cold resistant. (rC+)
You are immune to negative energy. (rN+++)
You are immune to unholy pain and torment.
You are vulnerable to heat. (rF-)
You are strongly in touch with the powers of death.
You do not drink.
You have a special connection with the divine. (Faith)


Message History

You fly upwards.
There is a stone staircase leading down here.
Things that are here:
a +0 scale mail; a +0 mace
There is a stone staircase leading up here.
You fly upwards.
There is a stone staircase leading down here.
A green death comes into view.
The green death roars!
You shoot a bolt. The bolt hits the green death!!!
The green death is almost dead.
You shoot a bolt. The bolt barely misses the green death.
The green death gestures at you.
You shoot a bolt. The bolt hits the green death!!!!
You kill the green death!
Okawaru accepts your kill.
No target in view!
(D) Dungeon (T) Temple (L) Lair (S) Swamp (P) Snake Pit (M) Slime Pits (O) Orcish Mines (E) Elven Halls (V) Vaults (C) Crypt (W) Tomb (U) Depths (H) Hell (I) Dis (G) Gehenna (X) Cocytus (Y) Tartarus (Z) Zot
Where to? (Enter - D:1 @ (x,y), ? - help)
A hellion comes into view.
The hellion gives a hideous shriek!
You shoot a bolt. The bolt closely misses the hellion.
You shoot a bolt. The bolt hits the hellion!!!
You kill the hellion!
Okawaru accepts your kill.
(D) Dungeon (T) Temple (L) Lair (S) Swamp (P) Snake Pit (M) Slime Pits (O) Orcish Mines (E) Elven Halls (V) Vaults (C) Crypt (W) Tomb (U) Depths (H) Hell (I) Dis (G) Gehenna (X) Cocytus (Y) Tartarus (Z) Zot
Where to? (Enter - D:1 @ (x,y), ? - help)
There is an open door here.
You see here a +0 club.
There is an open door here.
There is a staircase leading out of the dungeon here.
You have escaped!

..# ##'## ##>## ##)##
#.####...######...######...##
...##.......................#
..(.#..⌠........⌠........⌠..#
...##.......................#
######...######...######...##
##### #####'##### #####
##.........## #..♣..@..♣..#
##.........## ###########


There were no monsters in sight!

Vanquished Creatures
  Cerebov (Pan)
  Antaeus (Coc:7)
  the Royal Jelly (Slime:5)
  Ereshkigal (Tar:7)
  Gloorx Vloq (Pan)
  Lom Lobon (Pan)
  Mnoleg (Pan)
  8 dread liches
  7 ancient liches
  3 orbs of fire
  Mara (Depths:3)
  A juggernaut (Depths:2)
  38 royal mummies
  Josephina (Depths:4)
  Boris (Depths:3)
  6 shard shrikes (Coc:7)
  Vashnia (Snake:2)
  4 caustic shrikes
  4 Killer Klowns
  the Lernaean hydra (Swamp:4)
  8 pandemonium lords (Pan)
  4 curse toes
  Frederick (Depths:4)
  Xtahua (Vaults:2)
  12 golden dragons
  Geryon (Hell)
  Jory (Crypt:3)
  11 profane servitors
  16 bone dragons
  6 doom hounds
  2 electric golems
  8 Brimstone Fiends
  27 Tzitzimimeh
  A spectral shard shrike (Tar:7)
  17 Ice Fiends
  5 hellephants
  26 tentacled monstrosities
  A walking crystal tome (Depths:3)
  18 tainted leviathans
  6 Hell Sentinels (Pan)
  8 liches
  20 Orb Guardians
  A walking earthen tome (Depths:3)
  2 deep elf master archers (Elf:3)
  23 titans
  10 quicksilver dragons
  21 acid blobs
  2 deep elf blademasters (Elf:3)
  8 death cobs
  A walking frostbound tome (Depths:2)
  A sphinx (shapeshifter) (Vaults:5)
  A walking divine tome (Depths:3)
  29 Executioners
  9 tentacled starspawn
  8 ancient champions
  Aizul (Snake:4)
  16 sphinxes
  8 tengu reavers
  15 shadow dragons
  6 nagarajas
  14 draconian monks
  29 storm dragons
  2 fenstrider witches
  11 rockslimes
  5 revenants
  13 demonspawn warmongers
  8 azure jellies
  2 daevas
  2 draconian knights
  9 frost giants
  6 iron dragons
  6 draconian scorchers
  4 deep elf sorcerers
  9 narguns
  4 ghost moths
  12 vault wardens
  10 fire giants
  An orc warlord (Vaults:1)
  24 cacodemons
  15 ghouls
  10 draconian shifters
  23 balrugs
  9 draconian annihilators
  3 draconian stormcallers
  2 curse skulls (Pan)
  6 angels
  A shard shrike simulacrum (Coc:7)
  7 deep elf elementalists
  12 ironbound preservers
  24 reapers
  5 spectral caustic shrikes
  A juggernaut zombie (Crypt:3)
  37 very ugly things
  4 spriggan defenders (Depths:2)
  2 ophanim (Pan)
  9 quicksilver oozes
  3 caustic shrike zombies
  11 formless jellyfish
  6 demonspawn corrupters (Pan)
  6 ironbound thunderhulks
  17 vampire knights
  11 stone giants
  19 demonspawn blood saints (Pan)
  6 war gargoyles
  13 elemental wellsprings
  2 apis (Pan)
  15 putrid mouths
  A juggernaut skeleton (Tomb:3)
  16 black draconians
  4 bennus
  12 green draconians
  10 deep elf demonologists
  4 demonspawn black suns
  10 wendigos
  20 lorocyprocas
  A spectral titan (Tar:1)
  10 deep elf annihilators
  17 white draconians
  8 eleionomae
  6 bunyips
  11 dire elephants
  4 purple draconians
  3 spark wasps (Depths:2)
  9 yellow draconians
  9 red draconians
  7 green deaths
  A merfolk javelineer (Depths:4)
  16 blizzard demons
  3 eidola
  An ettin (shapeshifter) (D:15)
  28 mummy priests
  5 deep elf death magi
  10 jiangshi
  A shambling mangrove (Arena)
  A spectral iron giant (Tar:1)
  3 spectral spriggans
  A spectral fenstrider witch (Tar:1)
  4 spriggan zombies
  13 ettins
  10 great orbs of eyes
  8 fire dragons
  9 rakshasas
  17 ice dragons
  8 deep elf high priests
  2 entropy weavers
  3 juggernaut simulacra
  17 yaktaur captains
  A peacekeeper (Vaults:3)
  25 hydras
  Erolcha (Orc:2)
  6 ironbound frosthearts
  3 salamander tyrants
  3 caustic shrike simulacra
  An Orb Guardian zombie (Crypt:1)
  3 hell beasts
  2 merfolk avatars
  2 ogre magi (Vaults:2)
  A spriggan skeleton (Pan)
  27 vault guards
  7 spriggan air magi
  7 centaur warriors
  3 death knights
  A satyr (shapeshifter) (Vaults:2)
  6 two-headed ogres
  5 boulder beetles
  A catoblepas (D:15)
  An anaconda (shapeshifter) (D:14)
  23 dancing weapons
  18 tengu warriors
  89 death scarabs
  9 anacondas
  8 alligators
  14 naga warriors
  12 demonic crawlers
  10 deep troll earth magi
  26 hell hogs
  13 spriggan berserkers
  2 titan zombies
  8 vampire magi
  7 deep troll shamans
  16 naga sharpshooters
  11 shock serpents
  83 sun demons
  7 thrashing horrors
  5 deep elf knights
  An orc high priest (Orc:2)
  44 soul eaters
  11 hell knights (Hell)
  A titan skeleton (Abyss:3)
  A fire crab (shapeshifter) (Vaults:2)
  A spatial maelstrom (Abyss:3)
  A storm dragon zombie (Crypt:3)
  6 goliath frogs
  25 sixfirhies
  9 wretched stars
  5 salamander mystics
  17 skeletal warriors
  A bunyip zombie (Crypt:3)
  3 skysharks
  A death drake (shapeshifter) (Elf:1)
  12 iron trolls
  4 flayed ghosts
  10 shadow demons (Pan)
  2 sea snakes (Lair:5)
  2 quicksilver dragon simulacra (Coc:7)
  A golden dragon zombie (Crypt:3)
  32 shadow wraiths
  3 anaconda zombies
  6 naga ritualists
  2 spriggan druids
  8 glowing orange brains
  A cherub (Pan)
  40 deep trolls
  14 swamp dragons
  16 wizards
  A storm dragon skeleton (Hell)
  3 death drakes
  An obsidian statue (IceCv)
  19 phantasmal warriors
  13 bog bodies
  7 harpies (Vaults:1)
  2 deep elf archers
  17 ironbound convokers
  7 spriggan simulacra
  10 orc knights
  A spectral hydra (Tar:2)
  10 necromancers
  A bunyip skeleton (Pan)
  An iron dragon zombie (Crypt:2)
  Pikel (D:4)
  5 lindwurms
  An anaconda skeleton (Pan)
  15 deep elf zephyrmancers
  A tengu zombie (Hell)
  20 deep elf pyromancers
  10 mana vipers
  A tengu skeleton (Hell)
  5 orc sorcerers
  5 cyclopes
  A manticore (shapeshifter) (Vaults:5)
  51 ugly things
  13 shining eyes
  4 will-o-the-wisps
  2 iron dragon skeletons
  A stone giant zombie (Crypt:3)
  11 rust devils
  A frost giant skeleton (Crypt:3)
  A fire giant skeleton (Depths:1)
  22 salamanders
  33 moths of wrath
  A spectral centaur (Tar:1)
  A worldbinder (Abyss:3)
  2 apocalypse crabs (Abyss:3)
  13 elephants
  A stone giant skeleton (Crypt:1)
  A formless jellyfish zombie (Crypt:3)
  22 vault sentinels
  2 centaur zombies
  8 molten gargoyles
  4 guardian serpents
  An eye of devastation (Slime:3)
  31 orange demons
  59 smoke demons
  An eye of devastation (shapeshifter) (Elf:1)
  A torpor snail (Lair:2)
  3 ice statues
  An alligator snapping turtle zombie (Hell)
  34 black mambas
  4 titan simulacra
  7 cane toads
  19 naga magi
  4 centaur skeletons
  An unseen horror (shapeshifter) (Abyss:2)
  8 rime drakes
  11 unseen horrors
  3 bunyip simulacra
  A yaktaur (shapeshifter) (Vaults:5)
  3 dire elephant skeletons
  18 yaktaurs
  29 hellions
  6 efreet
  A komodo dragon (shapeshifter) (D:14)
  12 komodo dragons
  A spectral naga (Tar:1)
  2 sea snake zombies (Hell)
  7 ice devils
  13 freezing wraiths
  21 tormentors
  7 tengu conjurers
  3 anaconda simulacra
  41 guardian mummies
  A human skeleton (Vaults:3)
  A spectral harpy (Tar:1)
  A meliai (shapeshifter) (Abyss:3)
  A bloated husk (Swamp:3)
  2 silent spectres
  A black draconian skeleton (Crypt:1)
  A catoblepas skeleton (Crypt:3)
  A merfolk (shapeshifter) (Vaults:5)
  6 trolls
  54 large abominations
  A harpy zombie (Crypt:3)
  3 golden dragon simulacra
  19 hellwings
  9 hornets
  A wind drake (Lair:5)
  5 red devils
  5 ancient zymes (Abyss:3)
  A raiju (shapeshifter) (Elf:1)
  3 polar bears
  11 raiju
  11 tyrant leeches
  A shadow dragon simulacrum (Coc:1)
  20 blink frogs
  11 saltlings (Orc:2)
  4 hydra skeletons
  A mana viper skeleton (Crypt:3)
  An ettin zombie (Depths:1)
  An iron dragon simulacrum (Coc:1)
  4 dream sheep (Lair:5)
  6 harpy skeletons
  A snapping turtle (Lair:5)
  95 slime creatures
  A stone giant simulacrum (Coc:1)
  6 flying skulls
  A spectral black mamba (Tar:1)
  9 spriggans
  A culicivora (shapeshifter) (Vaults:5)
  2 human simulacra
  A black mamba zombie (Tomb:2)
  4 wyverns
  2 centaur simulacra
  5 wraiths
  16 ynoxinuls
  9 air elementals
  2 alligator skeletons (Hell)
  7 dire elephant simulacra
  5 water elementals
  34 starcursed masses
  22 vampires
  6 fire bats
  A naga simulacrum (Hell)
  A black mamba skeleton (Crypt:1)
  2 humans (shapeshifter) (Elf:1)
  An elf simulacrum (Vaults:4)
  42 yaks
  6 basilisks
  5 fire elementals
  17 golden eyes
  3 redbacks
  27 neqoxecs
  5 minotaur simulacra (IceCv)
  14 ushabtiu
  12 chaos spawn
  3 wargs (Orc:2)
  8 vampire mosquitoes
  A redback (shapeshifter) (Depths:4)
  59 nagas
  An elf skeleton (Vaults:3)
  6 harpy simulacra
  An acid dragon (shapeshifter) (Depths:3)
  10 spatial vortices (Abyss:3)
  A two-headed ogre zombie (D:10)
  20 swamp worms
  3 hydra simulacra
  2 acid dragons
  21 water moccasins
  A naga skeleton (Pan)
  Duvessa (D:5)
  A deep troll skeleton (Pan)
  5 hell hounds
  8 swamp drakes
  A glowing shapeshifter skeleton (Crypt:2)
  6 sky beasts (Depths:1)
  A floating eye (Pan)
  An elephant zombie (Crypt:1)
  An ice beast (D:7)
  3 black bears
  5 ettin simulacra
  18 orc warriors
  2 human zombies
  8 wolves
  6 ogres
  An elephant skeleton (Crypt:2)
  13 centaurs
  3 phantoms
  2 lemures (D:4)
  An elf zombie (Crypt:2)
  Blork the orc (D:5)
  4 kobold brigands
  10 bullfrogs
  8 necrophages
  A salamander zombie (Crypt:3)
  A scorpion (D:4)
  A vine stalker zombie (Crypt:1)
  3 deep troll simulacra (IceCv)
  A tengu simulacrum (Depths:1)
  4 earth elementals
  A demonspawn simulacrum (Coc:2)
  6 wights
  Dowan (D:5)
  14 small abominations
  2 troll zombies (D:10)
  A lindwurm simulacrum (IceCv)
  2 warg skeletons
  A howler monkey (D:5)
  4 electric eels (Depths:1)
  3 lava snakes
  A shapeshifter skeleton (Crypt:2)
  3 quasits
  3 hounds
  An iron imp (Abyss:1)
  18 orc priests
  A gnoll bouda (D:9)
  3 jellies
  A black bear skeleton (Crypt:1)
  2 iguanas
  26 orc wizards
  6 hell rats (Lair:5)
  4 lightning spires (Depths:1)
  5 ogre zombies (D:10)
  A sky beast zombie (Crypt:3)
  39 mummies
  15 gnolls
  A howler monkey skeleton (Crypt:2)
  4 river rats (D:11)
  6 adders
  3 shadow imps
  A white imp (Abyss:2)
  2 ufetubi
  An adder zombie (Crypt:2)
  A jelly zombie (Crypt:3)
  2 worms
  3 dart slugs
  70 orcs
  8 endoplasms
  4 giant cockroaches
  7 goblins
  9 hobgoblins
  3 jackals (D:1)
  A quokka (D:1)
  6 ball pythons
  9 bats
  5 frilled lizards
  2 goblin skeletons (D:10)
  A goblin zombie (D:10)
  3 hobgoblin skeletons (D:10)
  7 hobgoblin zombies (D:10)
  33 kobolds
  3 orc skeletons (D:10)
  9 orc zombies (D:10)
  2 quokka zombies (Crypt:2)
  8 rats
  A spectral orc (D:3)
  A ball lightning (Depths:1)
  A lurking horror (Abyss:3)
  10 starspawn tentacles
3871 creatures vanquished.

Vanquished Creatures (collateral kills)
  A yak (D:5)
1 creature vanquished.

Vanquished Creatures (others)
  2 eldritch tentacles (Pan)
  A demonspawn blood saint (Pan)
  A shadow wraith (Depths:1)
  A deep elf knight (Elf:2)
  A spriggan (Depths:3)
  A soul eater (Pan)
  2 quicksilver dragon simulacra (Depths:2)
  A titan simulacrum (Coc:2)
  A smoke demon (Pan)
  2 hellions (Pan)
  A yaktaur (Vaults:4)
  A golden dragon simulacrum (Depths:4)
  A hornet (Depths:3)
  A dire elephant simulacrum (Coc:2)
  A neqoxec (Pan)
  A harpy simulacrum (Coc:2)
  A floating eye (Depths:4)
  3 small abominations (Abyss:3)
  An ettin simulacrum (Depths:2)
  A jelly (Abyss:3)
  6 ball lightnings
  10 foxfires
  A lurking horror (Abyss:3)
  9 starspawn tentacles
51 creatures vanquished.

Grand Total: 3923 creatures vanquished

Notes
Turn   | Place    | Note
-------+----------+-------------------------------------------
     0 | D:1      | Wizard1ke the Mummy Hexslinger began the quest for the Orb.
     0 | D:1      | Reached XP level 1. HP: 15/15 MP: 2/2
   221 | D:1      | Reached XP level 2. HP: 21/21 MP: 4/4
   831 | D:1      | Gained mutation: You are in touch with the powers of death.
                  | [Mummy growth]
   831 | D:1      | Reached XP level 3. HP: 27/27 MP: 5/5
  1406 | D:2      | Found a sacrificial altar of Ru.
  1523 | D:2      | Reached XP level 4. HP: 29/34 MP: 6/6
  2128 | D:3      | Reached XP level 5. HP: 41/41 MP: 7/7
  2142 | D:3      | Noticed an ogre
  2147 | D:3      | Killed an ogre
  2588 | D:3      | Found a hazy altar of Hepliaklqana.
  2695 | D:3      | Found a basalt altar of Yredelemnul.
  2915 | D:4      | Reached XP level 6. HP: 48/48 MP: 8/8
  3101 | D:4      | Noticed Pikel
  3127 | D:4      | Killed Pikel
  3128 | D:4      | Reached skill level 5 in Fighting
  3128 | D:4      | Reached skill level 5 in Ranged Weapons
  3128 | D:4      | Reached XP level 7. HP: 10/56 MP: 9/9
  3559 | D:4      | Found a blossoming altar of Fedhas.
  3567 | D:4      | Found a burning altar of Makhleb.
  3568 | D:4      | Found a hide-covered altar of Uskayaw.
  3832 | D:4      | Found a runed translucent door.
  3833 | D:4      | Noticed Crazy Yiuf
  4285 | D:5      | Entered Level 5 of the Dungeon
  4285 | D:5      | Found an ornate altar of the Wu Jian Council.
  4337 | D:5      | Noticed Duvessa
  4337 | D:5      | Noticed Dowan
  4387 | D:4      | Reached XP level 8. HP: 54/64 MP: 10/10
  4539 | D:5      | Killed Duvessa
  4604 | D:5      | Found a glowing drain.
  4613 | Sewer    | Entered a sewer
  5060 | D:5      | Found a staircase to the Ecumenical Temple.
  5064 | D:5      | Noticed Blork the orc
  5066 | Temple   | Entered the Ecumenical Temple
  5071 | D:5      | Killed Blork the orc
  5074 | D:5      | Killed Dowan
  5500 | D:6      | Found Diyc's Distillery.
  5581 | D:6      | Found Jeru's Assorted Antiques.
  5610 | D:6      | Reached XP level 9. HP: 39/74 MP: 11/11
  5736 | D:6      | Found Woacohaf's Assorted Antiques.
  5740 | D:6      | Bought a longbow for 195 gold pieces
  5740 | D:6      | Bought a scroll labelled VEIDYD XASIUPN for 30 gold pieces
  5800 | D:6      | Found Qehocw's Magic Scroll Boutique.
  5813 | D:6      | Identified a scroll of acquirement
  5814 | D:6      | Acquired 494 gold pieces
  5816 | D:6      | Bought a scroll of vulnerability for 48 gold pieces
  5816 | D:6      | Bought a scroll of immolation for 48 gold pieces
  5816 | D:6      | Bought a scroll of immolation for 48 gold pieces
  5816 | D:6      | Bought a scroll of teleportation for 36 gold pieces
  5869 | D:6      | Found Tuustiu's Jewellery Shoppe.
  6406 | D:7      | Acquired a +3 triple crossbow of draining
  6461 | D:7      | Found a shimmering altar of Xom.
  6753 | D:7      | Found a stormy altar of Qazlal.
  6804 | D:7      | Found a snail-covered altar of Cheibriados.
  7281 | D:8      | Reached XP level 10. HP: 80/84 MP: 12/12
  7339 | D:8      | Noticed a two-headed ogre
  7341 | D:8      | Killed a two-headed ogre
  7342 | D:8      | Reached skill level 10 in Fighting
  7647 | D:9      | Found an iron altar of Okawaru.
  7656 | D:9      | Became a worshipper of Warmaster Okawaru
  7716 | D:9      | Identified the +2 falchion of Wu Jian's Supremacy {freeze,
                  | rElec rC+ rN+ Str-5}
  7732 | D:9      | Noticed a two-headed ogre
  7736 | D:9      | Killed a two-headed ogre
  7736 | D:9      | Reached * piety under Okawaru
  7737 | D:9      | Reached skill level 1 in Invocations
  7767 | D:9      | Found a staircase to the Lair.
  7930 | D:9      | Noticed a two-headed ogre
  7933 | D:9      | Killed a two-headed ogre
  7934 | D:9      | Reached skill level 10 in Ranged Weapons
  8027 | D:9      | Reached ** piety under Okawaru
  8237 | D:10     | Entered Level 10 of the Dungeon
  8529 | D:10     | Reached *** piety under Okawaru
  8530 | D:10     | Reached XP level 11. HP: 93/93 MP: 13/13
  8578 | D:10     | Found a staircase to the Orcish Mines.
  8620 | D:10     | Found an ancient bone altar of Kikubaaqudgha.
  8964 | D:10     | Reached **** piety under Okawaru
  9234 | D:6      | Bought a scroll of identify for 24 gold pieces
  9234 | D:6      | Bought a scroll of identify for 24 gold pieces
  9234 | D:6      | Bought a scroll of identify for 24 gold pieces
  9234 | D:6      | Bought a scroll of identify for 24 gold pieces
  9395 | D:11     | Learned a level 3 spell: Portal Projectile
  9647 | D:11     | Reached skill level 5 in Invocations
  9840 | D:11     | Noticed a boulder beetle
  9846 | D:11     | Killed a boulder beetle
  9901 | D:11     | Reached ***** piety under Okawaru
 10320 | Lair:1   | Entered Level 1 of the Lair of Beasts
 10566 | Lair:1   | Identified the +3 arbalest "Transmigrator" {heavy, Drain
                  | rElec rN+} (Okawaru gifted it to you on level 1 of the Lair
                  | of Beasts)
 10566 | Lair:1   | Received a gift from Okawaru
 10803 | Lair:1   | Reached XP level 12. HP: 103/103 MP: 16/16
 11199 | Lair:2   | Noticed a seven-headed hydra
 11202 | Lair:2   | Killed a seven-headed hydra
 11245 | Lair:2   | Reached ****** piety under Okawaru
 11418 | Lair:2   | Found a dark tunnel.
 11441 | Volcano  | Entered a volcano
 11643 | Volcano  | Found a bloodstained altar of Trog.
 11862 | Lair:2   | Received a gift from Okawaru
 11982 | Lair:2   | Identified the +11 swamp dragon scales of Objectivity {+Inv
                  | rPois rN+ SInv} (Okawaru gifted it to you on level 2 of the
                  | Lair of Beasts)
 11982 | Lair:2   | Received a gift from Okawaru
 12118 | D:6      | Bought a ring of fire for 375 gold pieces
 12656 | Lair:2   | Learned a level 1 spell: Apportation
 12659 | Lair:2   | Learned a level 2 spell: Blink
 12786 | Lair:2   | Found a staircase to the Swamp.
 12786 | Lair:2   | Noticed an eleionoma
 12791 | Lair:2   | Killed an eleionoma
 13065 | Lair:3   | Reached skill level 1 in Translocations
 13074 | Lair:3   | Gained mutation: You are strongly in touch with the powers
                  | of death. [Mummy growth]
 13074 | Lair:3   | Reached XP level 13. HP: 112/112 MP: 19/19
 13122 | Lair:3   | Found a staircase to the Snake Pit.
 14106 | Lair:4   | Identified the +1 robe "Zoexecorgh" {Str+5 Dex+2} (Okawaru
                  | gifted it to you on level 4 of the Lair of Beasts)
 14106 | Lair:4   | Received a gift from Okawaru
 14315 | Lair:4   | Got the Compendium of Cunning Detritus
 14322 | Lair:4   | Learned a level 5 spell: Yara's Violent Unravelling
 14893 | Lair:5   | Entered Level 5 of the Lair of Beasts
 15160 | Lair:5   | Identified the scarf of Porimey {harm, rPois rF- Str+4
                  | Dex+3} (Okawaru gifted it to you on level 5 of the Lair of
                  | Beasts)
 15160 | Lair:5   | Received a gift from Okawaru
 15161 | Lair:5   | Reached skill level 5 in Translocations
 15196 | Lair:5   | Reached skill level 15 in Fighting
 15362 | Lair:5   | Reached XP level 14. HP: 123/123 MP: 20/20
 15368 | Lair:5   | Found a runed translucent door.
 15371 | Lair:5   | Found a viscous altar of Jiyva.
 15373 | Lair:5   | Found a staircase to the Slime Pits.
 16829 | D:13     | Identified the +2 helmet "Eceduguj" {rF+ rN+} (Okawaru
                  | gifted it to you on level 13 of the Dungeon)
 16829 | D:13     | Received a gift from Okawaru
 16921 | D:13     | Reached skill level 15 in Ranged Weapons
 16986 | D:13     | Found a gate to the Vaults.
 17251 | D:14     | Found a radiant altar of Vehumet.
 17659 | D:14     | Reached skill level 5 in Hexes
 18061 | D:15     | Entered Level 15 of the Dungeon
 18206 | D:15     | Received a gift from Okawaru
 18260 | D:15     | Reached XP level 15. HP: 93/129 MP: 11/21
 18324 | D:15     | Found a frozen archway.
 18332 | IceCv    | Entered an ice cave
 18506 | Arena    | Entered the Arena
 18665 | IceCv    | Identified the +0 helmet "Qoety" {Dex+3 Stlth+}
 19067 | D:15     | Found Pianir's Magic Scroll Boutique.
 19295 | D:15     | Found a staircase to the Depths.
 19696 | D:6      | Bought a tin of tremorstones (2/2) for 840 gold pieces
 19818 | Orc:1    | Entered Level 1 of the Orcish Mines
 19829 | Orc:1    | Identified the +3 kite shield of the Bagpipe {rElec rPois
                  | Will+} (Okawaru gifted it to you on level 1 of the Orcish
                  | Mines)
 19829 | Orc:1    | Received a gift from Okawaru
 20166 | Orc:1    | Found a radiant altar of Vehumet.
 20241 | Orc:2    | Entered Level 2 of the Orcish Mines
 20356 | Orc:2    | Noticed Erolcha
 20360 | Orc:2    | Killed Erolcha
 20425 | Orc:2    | Reached skill level 1 in Evocations
 20654 | Orc:2    | Found Hetil's Magic Scroll Shoppe.
 20696 | Orc:2    | Found Meado's Assorted Antiques.
 20698 | Orc:2    | Found Cynluv's Weapon Shoppe.
 20769 | Orc:2    | Found Caellar's Armour Boutique.
 20866 | Orc:2    | Found a staircase to the Elven Halls.
 21315 | Snake:1  | Entered Level 1 of the Snake Pit
 21360 | Snake:1  | Reached skill level 5 in Dodging
 21572 | Snake:1  | Reached XP level 16. HP: 138/138 MP: 23/23
 21575 | Snake:1  | Received a gift from Okawaru
 21675 | Snake:1  | Found Ripoddoh's General Store.
 21675 | Snake:1  | Found Uratax's Jewellery Shop.
 21676 | Snake:1  | Found Fuxtiev's Jewellery Shop.
 21678 | Snake:1  | Found Eromige's Weapon Boutique.
 21695 | Snake:1  | Bought a ring of protection from fire for 325 gold pieces
 21958 | Snake:1  | Received a gift from Okawaru
 22319 | Snake:2  | Noticed Vashnia
 22330 | Snake:2  | Killed Vashnia
 22512 | Snake:2  | Reached skill level 10 in Invocations
 23127 | Snake:3  | Received a gift from Okawaru
 23447 | Snake:3  | Identified the +0 pair of gloves of Mibloboa {Int+3}
                  | (Okawaru gifted it to you on level 3 of the Snake Pit)
 23447 | Snake:3  | Received a gift from Okawaru
 23721 | Snake:3  | Reached skill level 5 in Evocations
 24061 | Snake:4  | Entered Level 4 of the Snake Pit
 24294 | Snake:4  | Reached XP level 17. HP: 146/146 MP: 25/25
 24301 | Snake:4  | Found Avvasoguqi's Distillery.
 24406 | Snake:4  | Found Nuaxit's Gadget Gallery.
 24488 | Snake:4  | Noticed Aizul
 24494 | Snake:4  | Killed Aizul
 24740 | Snake:4  | Received a gift from Okawaru
 25010 | Snake:4  | Got a serpentine rune of Zot
 25015 | Snake:4  | Identified the -2 pair of gloves of Buapeic {Regen+ rCorr
                  | MP-9 Dex+5} (Okawaru gifted it to you on level 4 of the
                  | Snake Pit)
 25015 | Snake:4  | Received a gift from Okawaru
 25533 | Swamp:1  | Entered Level 1 of the Swamp
 25729 | Swamp:1  | Found a transporter.
 25730 | Swamp:1  | Noticed a tentacled monstrosity
 25777 | Swamp:1  | Found a transporter.
 25848 | Swamp:1  | Noticed Roxanne
 25912 | Swamp:1  | Identified the +5 great sword of Morchyu {drain, rElec}
 26511 | Swamp:2  | You fall into a shaft and drop 1 floor!
 26583 | Swamp:3  | Identified the +1 buckler of Qaestuuj {Regen+} (Okawaru
                  | gifted it to you on level 3 of the Swamp)
 26583 | Swamp:3  | Received a gift from Okawaru
 26756 | Swamp:2  | Reached XP level 18. HP: 155/155 MP: 17/26
 27021 | Arena    | Entered the Arena
 27180 | Swamp:3  | Identified the +5 ring mail of Nefiar {Harm +Inv rC+ Dex+2}
 27299 | Swamp:4  | Entered Level 4 of the Swamp
 27313 | Swamp:4  | Noticed a tentacled monstrosity
 27324 | Swamp:4  | Killed a tentacled monstrosity
 27683 | Swamp:4  | Identified the +8 flail of Sulphur {venom, MP+9}
 27737 | Swamp:4  | Noticed the 27-headed Lernaean hydra
 27745 | Swamp:4  | Killed the 27-headed Lernaean hydra
 27745 | Swamp:4  | Received a gift from Okawaru
 27886 | Swamp:4  | Got a decaying rune of Zot
 28219 | Vaults:1 | Entered Level 1 of the Vaults
 28511 | Vaults:1 | Found Tibodaol's Magic Scroll Shoppe.
 28763 | Orc:2    | Bought a scroll of acquirement for 780 gold pieces
 28763 | Orc:2    | Acquired 957 gold pieces
 28783 | Orc:2    | Bought a lightning rod (4/4) for 630 gold pieces
 28783 | Orc:2    | Bought a scroll of fear for 84 gold pieces
 29030 | Vaults:1 | Bought a scroll of blinking for 150 gold pieces
 29030 | Vaults:1 | Bought a scroll of fear for 80 gold pieces
 29030 | Vaults:1 | Bought a scroll of vulnerability for 80 gold pieces
 29030 | Vaults:1 | Bought a scroll of fear for 80 gold pieces
 29030 | Vaults:1 | Bought a scroll of teleportation for 60 gold pieces
 29030 | Vaults:1 | Bought a scroll of silence for 190 gold pieces
 29088 | Vaults:1 | Found Guatoong's Antique Armour Emporium.
 29756 | Vaults:1 | Received a gift from Okawaru
 30041 | Vaults:2 | Reached XP level 19. HP: 138/164 MP: 19/28
 30059 | Vaults:2 | Found a staircase to the Crypt.
 30216 | Vaults:2 | Noticed Xtahua
 30228 | Vaults:2 | Killed Xtahua
 30246 | Vaults:2 | Received a gift from Okawaru
 30302 | Vaults:2 | Reached skill level 10 in Dodging
 30525 | Vaults:2 | Got the Folio of the Manifold Moons
 31763 | Vaults:3 | Received a gift from Okawaru
 32636 | Vaults:4 | Received a gift from Okawaru
 33101 | Vaults:4 | Reached XP level 20. HP: 135/176 MP: 21/30
 33430 | Vaults:4 | Found Ygomet's Antique Weapon Boutique.
 34078 | Elf:1    | Entered Level 1 of the Elven Halls
 34555 | Elf:1    | Identified the +4 ring mail of Daitat {rElec rN+ Dex-3}
                  | (Okawaru gifted it to you on level 1 of the Elven Halls)
 34555 | Elf:1    | Received a gift from Okawaru
 34821 | Elf:1    | Identified the +2 helmet of the Elven Halls {Dex+6}
 35041 | Elf:2    | Found Voroh's Magic Scroll Boutique.
 35050 | Elf:2    | Bought a scroll of blinking for 112 gold pieces
 35050 | Elf:2    | Bought a scroll of blinking for 112 gold pieces
 35050 | Elf:2    | Bought a scroll of blinking for 112 gold pieces
 35050 | Elf:2    | Bought a scroll of fear for 60 gold pieces
 35050 | Elf:2    | Bought a scroll of enchant weapon for 112 gold pieces
 35050 | Elf:2    | Bought a scroll of fear for 60 gold pieces
 35050 | Elf:2    | Bought a scroll of teleportation for 45 gold pieces
 35050 | Elf:2    | Bought a scroll of revelation for 112 gold pieces
 35388 | Elf:2    | Found a runed translucent gate.
 35388 | Elf:2    | Found a runed translucent gate.
 35399 | Elf:2    | Found a runed translucent gate.
 35614 | Elf:3    | Entered Level 3 of the Elven Halls
 35634 | Elf:3    | Paralysed by an air elemental for 1 turns
 35707 | Elf:3    | Found Perevur's Book Emporium.
 35708 | Elf:3    | Found Esuosus's Jewellery Shop.
 35708 | Elf:3    | Found Qoru's Jewellery Shop.
 36429 | Elf:3    | Found the +7 mace of Variability {chaos, chaos arc}
 36432 | Elf:3    | Identified the +0 robe "Cyekhuobb" {Regen+ rCorr Str-3
                  | Dex+8} (Okawaru gifted it to you on level 3 of the Elven
                  | Halls)
 36432 | Elf:3    | Received a gift from Okawaru
 36581 | Elf:3    | Identified the +10 plate armour of Chimes {+Blink Str+5
                  | Dex-5}
 36610 | Elf:3    | Identified the +8 scimitar of Exquisite Torment {heavy,
                  | rPois MP+9}
 36818 | Elf:3    | Bought the ring "Hanichai" {rElec Will+++ rCorr Int+2} for
                  | 860 gold pieces
 37092 | Depths:1 | Entered Level 1 of the Depths
 37372 | Depths:1 | Reached XP level 21. HP: 177/183 MP: 22/31
 37634 | Depths:1 | Found a gateway to Hell.
 38113 | Depths:1 | Found a one-way gate leading to the halls of Pandemonium.
 38389 | Depths:1 | Found a runed translucent door.
 38416 | Depths:1 | Paralysed by an air elemental for 1 turns
 38812 | Depths:2 | Identified the +7 glaive of the Wary Xenophobes {flame,
                  | rCorr}
 38911 | Depths:2 | Identified the +3 hand axe "Ciemaz" {elec, Fragile rC+
                  | Int+4 Dex+3}
 38920 | Depths:2 | Identified the +0 longbow of Kuumess {freeze, rC+ rN+ MP-9
                  | Dex+3}
 38921 | Depths:2 | Reached skill level 15 in Dodging
 38947 | Depths:2 | Noticed a golden dragon
 39157 | Crypt:1  | Entered Level 1 of the Crypt
 39438 | Depths:2 | Noticed a caustic shrike
 39442 | Depths:2 | Noticed a caustic shrike
 39446 | Depths:2 | Killed a caustic shrike
 39447 | Depths:2 | Killed a caustic shrike
 39448 | Depths:2 | Noticed a caustic shrike
 39450 | Depths:2 | Killed a caustic shrike
 39610 | Depths:2 | Noticed a golden dragon
 39613 | Depths:2 | Killed a golden dragon
 39630 | Depths:2 | Acquired 631 gold pieces
 39647 | Depths:2 | Killed a golden dragon
 39715 | Depths:2 | Noticed a juggernaut
 39722 | Depths:2 | Killed a juggernaut
 39725 | Depths:2 | Received a gift from Okawaru
 39756 | Depths:2 | Found a burning altar of Makhleb.
 39756 | Depths:2 | Found a one-way gate to the infinite horrors of the Abyss.
 39787 | Depths:2 | Got Sif Muna's Folio of Hindering Evil Spells
 39908 | Depths:2 | Found a shimmering altar of Xom.
 39908 | Depths:2 | Found a one-way gateway to a ziggurat.
 39914 | Depths:2 | Reached XP level 22. HP: 194/194 MP: 23/32
 40176 | Depths:3 | Noticed a golden dragon
 40180 | Depths:3 | Killed a golden dragon
 40504 | Depths:3 | Noticed Mara
 40508 | Depths:3 | Killed Mara
 40528 | Depths:3 | Noticed Boris
 40536 | Depths:3 | Killed Boris
 40610 | Depths:3 | Identified the +1 robe "Enysukuv" {Int+2} (Okawaru gifted
                  | it to you on level 3 of the Depths)
 40610 | Depths:3 | Received a gift from Okawaru
 40700 | Depths:3 | Noticed a caustic shrike
 40702 | Depths:3 | Killed a caustic shrike
 41575 | Depths:4 | Entered Level 4 of the Depths
 41793 | Depths:4 | Noticed a golden dragon
 41809 | Depths:4 | Killed a golden dragon
 41875 | Depths:4 | Noticed a golden dragon
 41881 | Depths:4 | Killed a golden dragon
 42004 | Depths:4 | Received a gift from Okawaru
 42094 | Depths:4 | Identified the ring "Hiumaol" {Ice Str+9}
 42094 | Depths:4 | Noticed Josephina
 42108 | Depths:4 | Killed Josephina
 42109 | Depths:4 | Reached XP level 23. HP: 137/204 MP: 18/33
 42109 | Depths:4 | Noticed Frederick
 42112 | Depths:4 | Killed Frederick
 42224 | Depths:4 | Found a burning altar of Makhleb.
 42751 | Depths:4 | Found a gate to the Realm of Zot.
 43873 | Crypt:2  | Identified the +4 chain mail "Yboke" {Fly}
 43952 | Crypt:2  | Noticed Mennas
 44178 | Vaults:5 | Entered Level 5 of the Vaults
 44276 | Vaults:5 | Received a gift from Okawaru
 44283 | Vaults:5 | Noticed a dread lich
 44295 | Vaults:5 | Killed a dread lich
 44327 | Vaults:5 | Found Nedd's Magic Scroll Boutique.
 44331 | Vaults:5 | Bought a scroll of immolation for 72 gold pieces
 44331 | Vaults:5 | Bought a scroll of teleportation for 54 gold pieces
 44353 | Vaults:5 | Received a gift from Okawaru
 44439 | Vaults:5 | Identified the +8 quarterstaff "Jenokeor" {drain, rF-
                  | Dex+5}
 44451 | Vaults:5 | Found Kiedgh's Distillery.
 44451 | Vaults:5 | Found Miuphu's Magic Scroll Boutique.
 44462 | Vaults:5 | Bought a scroll of teleportation for 42 gold pieces
 44462 | Vaults:5 | Bought a scroll of fear for 56 gold pieces
 44462 | Vaults:5 | Bought a scroll of teleportation for 42 gold pieces
 44462 | Vaults:5 | Bought a scroll of poison for 56 gold pieces
 44469 | Vaults:5 | Found Xomarph's Magic Scroll Shoppe.
 44473 | Vaults:5 | Bought a scroll of revelation for 135 gold pieces
 44473 | Vaults:5 | Bought a scroll of immolation for 72 gold pieces
 44473 | Vaults:5 | Bought a scroll of silence for 171 gold pieces
 44473 | Vaults:5 | Bought a scroll of poison for 72 gold pieces
 44473 | Vaults:5 | Bought a scroll of immolation for 72 gold pieces
 44480 | Vaults:5 | Found Axzebbes's Magic Scroll Shop.
 44484 | Vaults:5 | Bought a scroll of poison for 76 gold pieces
 44484 | Vaults:5 | Bought a scroll of fear for 76 gold pieces
 44484 | Vaults:5 | Bought a scroll of fear for 76 gold pieces
 44484 | Vaults:5 | Bought a scroll of fear for 76 gold pieces
 44484 | Vaults:5 | Bought a scroll of teleportation for 57 gold pieces
 44484 | Vaults:5 | Bought a scroll of revelation for 142 gold pieces
 44484 | Vaults:5 | Bought a scroll of fear for 76 gold pieces
 44642 | Vaults:5 | Noticed a dread lich
 44646 | Vaults:5 | Killed a dread lich
 44649 | Vaults:5 | Noticed a dread lich
 44668 | Vaults:5 | Killed a dread lich
 44701 | Vaults:5 | Got a silver rune of Zot
 44821 | Vaults:5 | Reached XP level 24. HP: 203/217 MP: 24/33
 44864 | Vaults:5 | Noticed an ancient lich
 44869 | Vaults:5 | Killed an ancient lich
 44887 | Vaults:5 | Identified the +0 great mace of the Magi {elec, rF++ Str+4
                  | Int+2 Dex-2}
 44895 | Vaults:5 | Reached skill level 1 in Transmutations
 44904 | Vaults:5 | Identified the +3 plate armour "Mout" {rElec rF++} (Okawaru
                  | gifted it to you on level 5 of the Vaults)
 44904 | Vaults:5 | Received a gift from Okawaru
 45020 | Vaults:5 | Identified the +3 hand axe of Iskerig {antimagic, +Blink
                  | rCorr Int+9 Dex-5}
 45021 | Vaults:5 | Identified the +6 hand axe of Dismemberment {heavy, rPois
                  | rF- Dex+2 SInv}
 45045 | Vaults:5 | Identified the +1 short sword of Inusod {pain, rElec rF+
                  | Stlth-}
 45052 | Vaults:5 | Acquired 1233 gold pieces
 45090 | Vaults:5 | Identified the ring "Funosuir" {MP+9 Str+3}
 45145 | Vaults:5 | Noticed a dread lich
 45150 | Vaults:5 | Killed a dread lich
 45156 | Vaults:5 | Identified the staff of Bloody Death {rC+ rN+ Str+4 Dex+3
                  | Stlth+ Ice}
 45301 | Vaults:5 | Noticed an ancient lich
 45309 | Vaults:5 | Killed an ancient lich
 45542 | Vaults:5 | Found Qaoreiskux's Antique Weapon Boutique.
 46178 | Crypt:3  | Entered Level 3 of the Crypt
 46391 | Crypt:3  | Received a gift from Okawaru
 46391 | Crypt:3  | Found the +8 orange crystal plate armour {Archmagi, Int+3
                  | Clar}
 46574 | Crypt:3  | Identified the +9 quarterstaff "Gauc" {flame, Fly Will++}
 47088 | Crypt:3  | Noticed an ancient lich
 47093 | Crypt:3  | Killed an ancient lich
 47094 | Crypt:3  | Reached skill level 5 in Transmutations
 47183 | Crypt:3  | Found a staircase to the Tomb.
 47471 | Crypt:3  | Noticed Jory
 47480 | Crypt:3  | Killed Jory
 47485 | Crypt:3  | Found the +2 Maxwell's thermic engine {flame, freeze, rev}
 47496 | Crypt:3  | Identified the ring "Qoraat" {Fire +Blink rElec Str+3
                  | Int-5}
 47894 | Zot:1    | Entered Level 1 of the Realm of Zot
 48261 | Zot:1    | Reached XP level 25. HP: 198/226 MP: 24/33
 48282 | Zot:1    | Identified the +1 orcbow of Moral Flaws {freeze, Fly rPois
                  | Will-}
 48283 | Zot:1    | Identified the ring "Udej" {rN+ Will++ Str-5 Slay+5}
 48321 | Zot:1    | Found a transporter.
 48379 | Zot:1    | Identified the +0 buckler of Disappointment {+Inv rF- Dex+3
                  | Slay+2} (Okawaru gifted it to you on level 1 of the Realm
                  | of Zot)
 48379 | Zot:1    | Received a gift from Okawaru
 48537 | Zot:1    | Found a transporter.
 48674 | Zot:1    | Noticed a dread lich
 48724 | Zot:1    | Noticed an orb of fire
 48725 | Zot:1    | Killed an orb of fire
 48740 | Zot:1    | Killed a dread lich
 48905 | Zot:1    | Identified the ring "Goicsor" {rF+ rN+ Str+3}
 48923 | Zot:1    | Identified the ring "Ticsu" {*Corrode rElec rN+ Will++
                  | Str+2}
 48936 | Zot:1    | Identified the amulet "Fuato" {Reflect +Inv rF+ rN++ Will-
                  | SH+5}
 49113 | Zot:2    | Noticed an orb of fire
 49210 | Zot:2    | Noticed a Killer Klown
 49213 | Zot:2    | Killed a Killer Klown
 49245 | Zot:2    | Reached skill level 10 in Hexes
 49339 | Zot:2    | Killed an orb of fire
 49339 | Zot:2    | Identified the +5 arbalest of Okawaru's Regard {speed, rF+
                  | SInv} (Okawaru gifted it to you on level 2 of the Realm of
                  | Zot)
 49339 | Zot:2    | Received a gift from Okawaru
 50257 | Zot:3    | Found a transporter.
 50308 | Zot:3    | Noticed a Killer Klown
 50311 | Zot:3    | Killed a Killer Klown
 50334 | Zot:3    | Found a transporter.
 50338 | Zot:3    | Found a transporter.
 50340 | Zot:3    | Found a transporter.
 50575 | Zot:3    | Received a gift from Okawaru
 50732 | Zot:3    | Noticed an ancient lich
 50845 | Zot:3    | Killed an ancient lich
 50909 | Zot:3    | Found a stormy altar of Qazlal.
 50931 | Zot:3    | Identified the +11 great mace of the Twenty Portals {heavy,
                  | rPois Dex+5}
 51692 | Zot:4    | Reached XP level 26. HP: 235/235 MP: 24/33
 51770 | Zot:4    | Reached skill level 10 in Transmutations
 52187 | Zot:4    | Identified the +0 scale mail "Qaus" {Stlth+} (Okawaru
                  | gifted it to you on level 4 of the Realm of Zot)
 52187 | Zot:4    | Received a gift from Okawaru
 52830 | Zot:5    | Entered Level 5 of the Realm of Zot
 53498 | Pan      | Entered Pandemonium
 53660 | Depths:2 | Escaped Pandemonium
 53662 | Pan      | Entered Pandemonium
 53736 | Pan      | Found an exit through the horrors of the Abyss.
 53897 | Pan      | Noticed Tuakluikk the pandemonium lord
 53906 | Pan      | Killed Tuakluikk the pandemonium lord
 54737 | Pan      | Identified the +5 glaive of Eshryp {freeze, Str-5 Int+4
                  | Dex+4}
 54921 | Pan      | Reached XP level 27. HP: 242/242 MP: 9/33
 55061 | Pan      | Got a demonic rune of Zot
 55092 | Pan      | Noticed Eleigeubb the pandemonium lord
 55101 | Pan      | Killed Eleigeubb the pandemonium lord
 55487 | Pan      | Identified the +2 kite shield of Zetzuefoe {rF+} (Okawaru
                  | gifted it to you in Pandemonium)
 55487 | Pan      | Received a gift from Okawaru
 55579 | Pan      | Identified the +4 ring mail of Konkyut {rCorr Stlth+}
 55677 | Pan      | Noticed Caenaluh the pandemonium lord
 55683 | Pan      | Killed Caenaluh the pandemonium lord
 55751 | Pan      | Noticed Kaliax the pandemonium lord
 55775 | Pan      | Killed Kaliax the pandemonium lord
 55986 | Pan      | Entered the realm of Lom Lobon.
 55998 | Pan      | Found an exit through the horrors of the Abyss.
 56703 | Pan      | Noticed Lom Lobon
 56711 | Pan      | Killed Lom Lobon
 56711 | Pan      | Received a gift from Okawaru
 56778 | Pan      | Got a magical rune of Zot
 57109 | Pan      | Noticed Vestruh the pandemonium lord
 57124 | Pan      | Killed Vestruh the pandemonium lord
 57378 | Pan      | Entered the realm of Gloorx Vloq.
 57624 | Pan      | Found an exit through the horrors of the Abyss.
 57742 | Pan      | Identified the +3 cloak of a ziggurat {Drain rCorr Int+6}
                  | (Okawaru gifted it to you in Pandemonium)
 57742 | Pan      | Received a gift from Okawaru
 57880 | Pan      | Noticed Gloorx Vloq
 57917 | Pan      | Killed Gloorx Vloq
 58139 | Pan      | Got a dark rune of Zot
 58386 | Pan      | Entered the realm of Cerebov.
 58607 | Pan      | Found the +6 sword of Cerebov {flame}
 58607 | Pan      | Noticed Cerebov
 58741 | Pan      | Killed Cerebov
 58742 | Pan      | Reached skill level 3 in Unarmed Combat
 58816 | Pan      | Got a fiery rune of Zot
 58837 | Pan      | Identified the ring "Ycuivusio" {rF+ Int+2 Dex+4}
 58908 | Pan      | Identified the +5 rapier "Fomiqoar" {freeze, Int+3}
 59032 | Pan      | Identified the ring of Nobility {rF- Will+ Str+2 Int+7
                  | Dex-4}
 59033 | Pan      | Identified the +10 trident of the Original Sin {heavy, Fly
                  | Dex+5}
 59059 | Pan      | Reached skill level 4 in Unarmed Combat
 59070 | Pan      | Entered the realm of Mnoleg.
 59115 | Pan      | Reached skill level 5 in Unarmed Combat
 59132 | Pan      | Reached skill level 6 in Unarmed Combat
 59147 | Pan      | Reached skill level 7 in Unarmed Combat
 59163 | Pan      | Noticed Mnoleg
 59183 | Pan      | Reached skill level 8 in Unarmed Combat
 59238 | Pan      | Reached skill level 9 in Unarmed Combat
 59289 | Pan      | Identified the +0 scale mail of Polytheism {rF+} (Okawaru
                  | gifted it to you in Pandemonium)
 59289 | Pan      | Received a gift from Okawaru
 59293 | Pan      | Reached skill level 10 in Unarmed Combat
 59320 | Pan      | Killed Mnoleg
 59345 | Pan      | Reached skill level 11 in Unarmed Combat
 59452 | Pan      | Got a glowing rune of Zot
 59509 | Pan      | Found an exit through the horrors of the Abyss.
 59517 | Pan      | Took an exit into the Abyss.
 59517 | Abyss:1  | Escaped into the Abyss
 59539 | Abyss:1  | Found a corrupted altar of Lugonu.
 59552 | Abyss:1  | Found a corrupted altar of Lugonu.
 59611 | Abyss:1  | Found a corrupted altar of Lugonu.
 59954 | Abyss:1  | Reached skill level 12 in Unarmed Combat
 60002 | Abyss:1  | Found a corrupted altar of Lugonu.
 60002 | Abyss:1  | Found a corrupted altar of Lugonu.
 60002 | Abyss:1  | Found a corrupted altar of Lugonu.
 60245 | Abyss:2  | Found a corrupted altar of Lugonu.
 60304 | Abyss:3  | Found a corrupted altar of Lugonu.
 60478 | Abyss:3  | Found a corrupted altar of Lugonu.
 60578 | Abyss:3  | Reached skill level 13 in Unarmed Combat
 60701 | Abyss:3  | Found a corrupted altar of Lugonu.
 60703 | Abyss:3  | Got an abyssal rune of Zot
 60841 | Depths:2 | Escaped the Abyss
 61216 | Slime:1  | Entered Level 1 of the Pits of Slime
 61224 | Slime:1  | Reached skill level 14 in Unarmed Combat
 61739 | Slime:4  | Received a gift from Okawaru
 62010 | Slime:5  | Entered Level 5 of the Pits of Slime
 62015 | Slime:5  | Reached skill level 15 in Unarmed Combat
 62023 | Slime:5  | Identified the +0 buckler of the Grey Skies {rElec rC+}
                  | (Okawaru gifted it to you on level 5 of the Pits of Slime)
 62023 | Slime:5  | Received a gift from Okawaru
 62045 | Slime:5  | Noticed the Royal Jelly
 62144 | Slime:5  | Killed the Royal Jelly
 62206 | Arena    | Entered the Arena
 62560 | Slime:5  | Reached skill level 16 in Unarmed Combat
 62567 | Slime:5  | Acquired a manual of Shields
 62667 | Slime:5  | Identified the +1 plate armour of Rotini {Regen+}
 62739 | Slime:5  | Got a slimy rune of Zot
 62740 | Slime:5  | Identified the +8 spear of Fee Simple {holy, rF+ SInv}
 62741 | Slime:5  | Identified the +0 war axe of Bloodstone {holy, Contam rPois
                  | Int+4}
 62788 | Slime:5  | Identified the +9 long sword "Sidu" {freeze, rC+ rN+ Int-4}
 63487 | Hell     | Entered the Vestibule of Hell
 63487 | Hell     | Noticed Geryon
 63494 | Hell     | Killed Geryon
 63593 | Hell     | Reached skill level 17 in Unarmed Combat
 63713 | Hell     | Found a gateway to the freezing wastes of Cocytus.
 63810 | Hell     | Found a gateway to the Iron City of Dis.
 63868 | Hell     | Found a gateway to the ashen valley of Gehenna.
 63941 | Hell     | Found a gateway to the decaying netherworld of Tartarus.
 64067 | Geh:1    | Entered Level 1 of Gehenna
 64130 | Coc:1    | Entered Level 1 of Cocytus
 64144 | Coc:1    | Reached skill level 18 in Unarmed Combat
 64184 | Coc:1    | Noticed a dread lich
 64185 | Coc:1    | Killed a dread lich
 64213 | Coc:2    | Identified the +13 crystal plate armour of an ossuary
                  | {rF+++ Will++ Regen+ MP-9} (Okawaru gifted it to you on
                  | level 2 of Cocytus)
 64213 | Coc:2    | Received a gift from Okawaru
 64370 | Coc:3    | You are sucked into a shaft and drop 3 floors!
 64374 | Coc:7    | Entered Level 7 of Cocytus
 64387 | Coc:7    | Paralysed by a wendigo for 1 turns
 64799 | Coc:7    | Reached skill level 19 in Unarmed Combat
 64888 | Coc:7    | Identified the +0 chain mail of Sophism {Harm Int+2}
                  | (Okawaru gifted it to you on level 7 of Cocytus)
 64888 | Coc:7    | Received a gift from Okawaru
 64890 | Coc:7    | Noticed Antaeus
 64909 | Coc:7    | Killed Antaeus
 64930 | Coc:7    | Got an icy rune of Zot
 64998 | Coc:7    | Identified the amulet "Yllohili" {rPois Regen+ Dex+3}
 65032 | Coc:7    | Identified the +7 spear "Qoan" {antimagic, rN+ Will+}
 65054 | Coc:7    | Identified the ring of Ru's Benevolence {rCorr Dex+4 Slay+4
                  | Stlth+}
 65066 | Coc:7    | Identified the +9 great sword "Jemi" {holy, rPois}
 65069 | Coc:7    | Identified the +7 trident of Supporting Quick Death {holy,
                  | Fragile Fly Dex+8 SInv}
 65165 | Tar:1    | Entered Level 1 of Tartarus
 65310 | Tar:1    | Reached skill level 20 in Unarmed Combat
 65460 | Tar:2    | Identified the +5 cloak of Gravity {Will+ Int+2} (Okawaru
                  | gifted it to you on level 2 of Tartarus)
 65460 | Tar:2    | Received a gift from Okawaru
 65714 | Tar:5    | You are sucked into a shaft and drop 1 floor!
 65761 | Tar:6    | Noticed an ancient lich
 65766 | Tar:6    | Killed an ancient lich
 65810 | Tar:6    | Reached skill level 21 in Unarmed Combat
 65991 | Tar:7    | Entered Level 7 of Tartarus
 66345 | Tar:7    | Reached skill level 22 in Unarmed Combat
 66688 | Tar:7    | Identified the scarf of Acvenloe {+Inv, rElec rN+ Str+2
                  | Slay+2} (Okawaru gifted it to you on level 7 of Tartarus)
 66688 | Tar:7    | Received a gift from Okawaru
 67223 | Tar:7    | Identified the +3 leather armour of Rirchoarch {Will+
                  | Dex+6}
 67541 | Tar:7    | Noticed Ereshkigal
 67696 | Tar:7    | Killed Ereshkigal
 67697 | Tar:7    | Reached skill level 23 in Unarmed Combat
 67711 | Tar:7    | Got a bone rune of Zot
 68176 | Tomb:1   | Entered Level 1 of the Tomb of the Ancients
 68566 | Tomb:1   | Noticed a royal mummy
 68578 | Tomb:1   | Killed a royal mummy
 68715 | Tomb:1   | Noticed a royal mummy
 68725 | Tomb:1   | Killed a royal mummy
 68845 | Tomb:1   | Noticed a royal mummy
 68851 | Tomb:1   | Killed a royal mummy
 68851 | Tomb:1   | Received a gift from Okawaru
 69044 | Tomb:2   | Noticed a royal mummy
 69047 | Tomb:2   | Noticed a royal mummy
 69049 | Tomb:2   | Killed a royal mummy
 69054 | Tomb:2   | Noticed a royal mummy
 69054 | Tomb:2   | Noticed a royal mummy
 69119 | Tomb:1   | Learned a level 3 spell: Vhi's Electric Charge
 69125 | Tomb:2   | Killed a royal mummy
 69126 | Tomb:2   | Reached skill level 24 in Unarmed Combat
 69137 | Tomb:2   | Killed a royal mummy
 69138 | Tomb:2   | Reached skill level 1 in Air Magic
 69143 | Tomb:2   | Killed a royal mummy
 69609 | Tomb:2   | Paralysed by a Zot trap for 2 turns
 69756 | Tomb:1   | Noticed a royal mummy
 69756 | Tomb:1   | Noticed a royal mummy
 69757 | Tomb:1   | Noticed a royal mummy
 69759 | Tomb:1   | Noticed a royal mummy
 69759 | Tomb:1   | Noticed a royal mummy
 69759 | Tomb:1   | Noticed a royal mummy
 69766 | Tomb:1   | Killed a royal mummy
 69769 | Tomb:1   | Killed a royal mummy
 69773 | Tomb:1   | Killed a royal mummy
 69779 | Tomb:1   | Killed a royal mummy
 69785 | Tomb:1   | Killed a royal mummy
 69789 | Tomb:1   | Killed a royal mummy
 69933 | Tomb:1   | Noticed a royal mummy
 69940 | Tomb:1   | Killed a royal mummy
 69940 | Tomb:1   | Noticed a royal mummy
 69945 | Tomb:1   | Killed a royal mummy
 69964 | Tomb:1   | Noticed a royal mummy
 69968 | Tomb:1   | Killed a royal mummy
 69975 | Tomb:1   | Noticed a royal mummy
 69977 | Tomb:1   | Noticed a royal mummy
 69979 | Tomb:1   | Noticed a royal mummy
 69980 | Tomb:1   | Killed a royal mummy
 69991 | Tomb:1   | Killed a royal mummy
 69996 | Tomb:1   | Killed a royal mummy
 69997 | Tomb:1   | Reached skill level 5 in Air Magic
 70108 | Tomb:1   | Noticed a royal mummy
 70112 | Tomb:1   | Noticed a royal mummy
 70113 | Tomb:1   | Killed a royal mummy
 70124 | Tomb:1   | Killed a royal mummy
 70127 | Tomb:1   | Noticed a royal mummy
 70152 | Tomb:1   | Killed a royal mummy
 70165 | Tomb:1   | Noticed a royal mummy
 70166 | Tomb:1   | Noticed a royal mummy
 70171 | Tomb:1   | Killed a royal mummy
 70180 | Tomb:1   | Killed a royal mummy
 70376 | Tomb:1   | Noticed a royal mummy
 70383 | Tomb:1   | Killed a royal mummy
 70389 | Tomb:1   | Noticed a royal mummy
 70397 | Tomb:1   | Killed a royal mummy
 70397 | Tomb:1   | Noticed a royal mummy
 70398 | Tomb:1   | Noticed a royal mummy
 70399 | Tomb:1   | Killed a royal mummy
 70399 | Tomb:1   | Noticed a royal mummy
 70405 | Tomb:1   | Killed a royal mummy
 70643 | Tomb:1   | Killed a royal mummy
 70906 | Tomb:1   | Learned a level 4 spell: Passage of Golubria
 71368 | Pan      | Entered Pandemonium
 71381 | Pan      | Found an exit through the horrors of the Abyss.
 71600 | Pan      | Identified the +1 pair of gloves of the Byakko {rPois rF+
                  | rC+ Str+3} (Okawaru gifted it to you in Pandemonium)
 71600 | Pan      | Received a gift from Okawaru
 72065 | Pan      | Noticed Kechest the pandemonium lord
 72077 | Pan      | Killed Kechest the pandemonium lord
 72142 | Pan      | Reached skill level 25 in Unarmed Combat
 72545 | Pan      | Noticed Javaidu the pandemonium lord
 72565 | Pan      | Killed Javaidu the pandemonium lord
 72929 | Pan      | Identified the ring of Jokoesif {Dex+5 SInv}
 73590 | Pan      | Noticed Topsem the pandemonium lord
 73611 | Pan      | Killed Topsem the pandemonium lord
 73711 | Pan      | Reached skill level 26 in Unarmed Combat
 74326 | Pan      | Found an exit through the horrors of the Abyss.
 74335 | Pan      | Took an exit into the Abyss.
 74335 | Abyss:3  | Escaped into the Abyss
 74858 | Abyss:3  | Found a sparkling altar of Nemelex Xobeh.
 74866 | Abyss:3  | Identified the +4 tower shield "Plog" {Will- Dex+3}
 74944 | Abyss:3  | Received a gift from Okawaru
 75148 | Depths:1 | Escaped the Abyss
 75682 | Tomb:3   | Entered Level 3 of the Tomb of the Ancients
 75686 | Tomb:3   | Found the +7 Spriggan's Knife {stab, EV+4 Stlth+}
 75707 | Tomb:3   | Reached skill level 27 in Unarmed Combat
 75711 | Tomb:3   | Noticed a royal mummy
 75818 | Tomb:3   | Noticed a royal mummy
 75818 | Tomb:3   | Noticed a royal mummy
 75819 | Tomb:3   | Noticed a royal mummy
 75824 | Tomb:3   | Killed a royal mummy
 75826 | Tomb:3   | Noticed a royal mummy
 75831 | Tomb:3   | Noticed a royal mummy
 75833 | Tomb:3   | Killed a royal mummy
 75843 | Arena    | Entered the Arena
 75847 | Arena    | Killed a royal mummy
 75864 | Tomb:3   | Noticed a royal mummy
 75929 | Tomb:3   | Killed a royal mummy
 75957 | Tomb:3   | Got a golden rune of Zot
 76073 | Tomb:3   | Killed a royal mummy
 76188 | Tomb:3   | Noticed a royal mummy
 76195 | Tomb:3   | Killed a royal mummy
 76202 | Tomb:3   | Killed a royal mummy
 76320 | Tomb:3   | Killed a royal mummy
 76424 | Tomb:3   | Noticed a royal mummy
 76433 | Tomb:3   | Identified the +4 hat of Qiala {+Inv rF- Regen+ rCorr}
                  | (Okawaru gifted it to you on level 3 of the Tomb of the
                  | Ancients)
 76433 | Tomb:3   | Received a gift from Okawaru
 76436 | Tomb:3   | Killed a royal mummy
 76547 | Tomb:3   | Identified the ring "Loil" {*Corrode rN+ Str+3 Dex+6}
 76552 | Tomb:3   | Identified the staff "Butaxon" {Contam +Blink rElec rF+++
                  | rC+ Air}
 76555 | Tomb:3   | Identified the ring of Ruozom {EV+5 Dex+6}
 76556 | Tomb:3   | Identified the amulet of Mehabb {Spirit Dex+2}
 77177 | Zot:5    | Noticed an ancient lich
 77178 | Arena    | Entered the Arena
 77184 | Arena    | Killed an ancient lich
 77209 | Zot:5    | Noticed a dread lich
 77224 | Zot:5    | Killed a dread lich
 77260 | Zot:5    | Noticed an orb of fire
 77263 | Zot:5    | Killed an orb of fire
 77306 | Zot:5    | Noticed an ancient lich
 77311 | Zot:5    | Killed an ancient lich
 77383 | Zot:5    | Noticed a dread lich
 77386 | Zot:5    | Killed a dread lich
 77529 | Zot:5    | Got the Orb of Zot
 77784 | Depths:3 | Noticed Xyiff the pandemonium lord
 78103 | D:8      | Noticed a seraph
 78227 | D:$      | Escaped with the Orb!

Illustrated notes

Levels and vault maps discovered:
D:1:      minmay_arrival_split_and_join, layout_loops_ring
D:2:      layout_loops_ring, basic_altar
D:3:      layout_loops_ring, lemuel_tele_altar,
          nicolae_hepliaklqana_monster_ancestors,
          nicolae_concentric_dashed_squares_mild
D:4:      layout_cave_pods, chequers_temple_overflow_minitemple,
          minmay_crossroads, uniq_pikel, uniq_crazy_yiuf_cottage
D:5:      layout_loops_ring, mainiacjoe_overflow_small_starburst,
          minmay_temple_entry_hall, portal_sewer_entry_d, uniq_duvessa,
          uniq_blork_the_orc
D:6:      layout_basic, serial_shops, shop, nicolae_shop_just_a_little_nook,
          nicolae_take_the_stairs, nicolae_shop_hallway_stairs,
          nicolae_square_shop
D:7:      layout_rooms, mainiacjoe_overflow_paths, kennysheep_mini_moat,
          marbit_many_paths, serial_corexii_hall, chequers_hall_statues_y,
          corexii_hall_statues_u, kennysheep_potato
D:8:      layout_basic, kb_lookout_dungeons_type, serial_bayou_crossing
D:9:      layout_loops_corners, lemuel_round_altar, dpeg_oklobed_lair
D:10:     layout_basic, nicolae_overflow_crystal_walls, zombieorc2_lemuel,
          the_hattery
D:11:     layout_stronghold, pond
D:12:     layout_roguey
D:13:     layout_basic, david_vaults_1
D:14:     layout_loops_ring, vehumet_crystals
D:15:     gammafunk_enter_depths_forms, layout_small_grid, serial_shops, shop,
          portal_ice_cave_entry_pillars_four, minmay_misc_feat_secret_circle
Temple:   hellmonk_temple_forest_ring
Lair:1:   layout_regular_city, st_stairs_7, minmay_holes
Lair:2:   layout_regular_city, alex1729_swamp_entry_worm_eleionoma,
          nicolae_volcano_entry_vermiform, grunt_megastairs_1
Lair:3:   layout_cave_pods, minmay_snake_entry_six_corridors
Lair:4:   layout_gridlike, lemuel_fruit_tree
Lair:5:   gammafunk_lair_ancient_temple, layout_regular_city, slime_entry_2,
          infiniplex_staircase_pool
Swamp:1:  gammafunk_sealed_arena, layout_falls_marsh,
          nicolae_swamp_round_clearing, grunt_lady_of_the_lake, uniq_roxanne
Swamp:2:  layout_basic_swamp, evilmike_swamp_ruin_house_6
Swamp:3:  nicolae_swamp_wrong_neighborhood, layout_basic_swamp,
          nicolae_swamp_big_swirl
Swamp:4:  grunt_swamp_rune_castle, layout_basic_swamp, swamp_pool2
Snake:1:  layout_chambers, minmay_shoptagon
Snake:2:  layout_concentric_octagons, drop_trap, grunt_ministairs_3,
          serial_bayou_shore_b, uniq_vashnia
Snake:3:  layout_misc_corridors, nicolae_triple_integral
Snake:4:  snake_pit, layout_basic, serial_curves, eino_curves_01,
          eino_curves_01, grunt_ministairs_4, nicolae_shop_gadgets,
          minmay_shop_star, uniq_aizul
Slime:1:  layout_caves
Slime:2:  layout_caves
Slime:3:  layout_caves
Slime:4:  layout_caves
Slime:5:  slime_pit_nicolae_amoeboid
Orc:1:    layout_caves, basic_altar
Orc:2:    hellmonk_orc_salted, layout_diamond_mine, minmay_orc_temple_a,
          uniq_erolcha
Elf:1:    eino_elf_arrival_the_gate, layout_geoelf_diagonals,
          kennysheep_underground_church, grunt_ministairs_9,
          serial_sigils_hangedman_shear, nicolae_elf_big_sculpture_3,
          nicolae_elf_shapeshifter_party
Elf:2:    nicolae_elf_blades_splatter_lattice [nicolae_blade_entry_pointy_end],
          layout_geoelf_grid, serial_shops, shop
Elf:3:    elf_hall, layout_geoelf_diagonals, minmay_shop_grove
Vaults:1: vaults_standard_mumra_x, nicolae_vaults_network_star,
          nicolae_vaults_surprise_closet, vaults_room_fours,
          nicolae_vaults_closet_pinwheel_6, vaults_room_fancy_cross,
          nicolae_vaults_diagonal_hallway_6, vaults_dpeg_diagonal,
          layout_vaults_omnigrid, serial_shops, nicolae_diamond_shop,
          nicolae_square_shop
Vaults:2: grunt_vaults_bifocal, nicolae_vaults_network_square,
          nicolae_vaults_double_plus_1, nicolae_vaults_library_corner,
          v_alt_pattern_5, ontoclasm_vaults_twist,
          minmay_crypt_entry_simple_box, vaults_room_stairs_pillars, v_misc_1,
          nicolae_vaults_spaceships, dpeg_vaults_monster_row,
          nicolae_vaults_what_the_h, nicolae_vaults_rhombus_6,
          layout_vaults_maze_bifur, uniq_xtahua
Vaults:3: dpeg_vaults_monster_box, nicolae_vaults_gold_heap,
          hangedman_vaults_slice, v_rooms_4, hangedman_vaults_nails,
          nicolae_vaults_little_squares_1, nicolae_vaults_theta,
          nicolae_vaults_back_hallway, v_pattern_2, nicolae_vaults_weapon_check,
          grunt_vaults_focal, vaults_dpeg_ring, layout_vaults_ring
Vaults:4: nicolae_vaults_disjoint_gnomons, nicolae_vaults_stairing_the_circle,
          ontoclasm_vaults_decontamination, ontoclasm_vaults_ring_square,
          ontoclasm_vaults_ring_small, nicolae_vaults_mini_display_case,
          nicolae_vaults_closet_pinwheel_2, nicolae_vaults_rhombus_7,
          hangedman_vaults_stretched_pinwheel, vaults_room_corners,
          vaults_room_pools, nicolae_vaults_network_s, v_misc_17,
          layout_vaults_omnibox, serial_shops, shop
Vaults:5
Crypt:1:  layout_misc_corridors, grunt_crypt_arrival_webbed
Crypt:2:  layout_regular_city, grunt_megastairs_5, uniq_mennas
Crypt:3:  due_elkab, layout_chaotic_city, grunt_ministairs_14
Tomb:1
Tomb:2
Tomb:3
Depths:1: layout_cave_shapes, grunt_pan_entry_zigzag,
          minmay_misc_feat_nine_boxes, hell_entry, hangedman_aerie_drop
Depths:2: grunt_profane_halls [grunt_profane_temple_tar,
          grunt_profane_temple_geh, grunt_profane_temple_coc,
          grunt_profane_temple_dis, grunt_profane_loot], pan_entry, hell_entry,
          abyss_entry
Depths:3: minmay_the_grid_3x3 [minmay_the_grid_eight, minmay_the_grid_spikes,
          minmay_the_grid_all_tris, minmay_the_grid_embedded,
          minmay_the_grid_mess, minmay_the_grid_minigrid_small_alt,
          minmay_the_grid_minigrid_large, minmay_the_grid_zigzag_pyramid,
          minmay_the_grid_prize_four_corners_diamond_a], layout_basic,
          serial_sigils_hangedman_gnaw, abyss_entry_crystal, grunt_hell_horde,
          zin_statuary, infiniplex_staircase_diamond, uniq_mara, uniq_boris
Depths:4: grunt_zot_entry_gee_three, layout_gridlike,
          abyss_entry_small_statue_room, hell_entry,
          serial_sigils_hangedman_etch, nzn_life_drinkers, serial_bayou_shore_b,
          uniq_josephina, uniq_frederick
Hell
Geh:1:    layout_gehenna_pools_basic
Coc:1:    layout_cocytus_delve
Coc:2:    layout_cocytus_delve
Coc:3:    layout_cocytus_water_paths
Coc:6:    layout_ice_bergs
Coc:7:    coc_grunt_cove [coc_grunt_cove_antaeus, coc_grunt_cove_fiend,
          coc_grunt_cove_fiend, coc_grunt_cove_fiend, coc_grunt_cove_fiend]
Tar:1:    layout_grid_maze, nicolae_tar_cuneiform_oil,
          grunt_tartarus_stairs_gauntlet_trap
Tar:2:    layout_honeycomb
Tar:3:    layout_grid_maze
Tar:4:    layout_grid_maze
Tar:5:    nicolae_hells_demon_pit, layout_cathedral_of_symmetry
Tar:6:    layout_honeycomb, nicolae_tar_honey_rotating
Tar:7:    tar_mu [tar_mu_maze]
Zot:1:    gammafunk_dig_for_victory, layout_cellular_growth,
          st_single_dragon_hoard_4
Zot:2:    kennysheep_oblong_rooms, layout_misc_corridors
Zot:3:    regret_index_qazlal_generations, layout_basic, st_stairs_1,
          nicolae_diode_intersection
Zot:4:    layout_basic
Zot:5:    layout_cellular_growth, grunt_ministairs_9, st_stairs_9,
          skrybe_zot_glass_2

Skill      XL: |  1  2  3  4  5  6  7  8  9 10 11 12 13 14 15 16 17 18 19 20 21 22 23 24 25 26 27 |
---------------+----------------------------------------------------------------------------------+-----
Ranged Weapons | 2 3 5 7 9 10 11 12 13 15 16 17 18 20 21 23 26 | 26.0
Fighting       | 2 3 4 5 6 8 9 11 12 13 15 16 17 18 19 20 21 22 24 25 26 | 26.8
Invocations    | 3 6 8 9 10 11 13 14 | 14.0
Translocations | 1 5 7 8 9 |  9.0
Hexes          | 5 8 12 13 14 | 14.0
Dodging        | 5 6 8 9 10 13 15 17 18 19 20 22 | 22.0
Evocations     | 2 5 7 8 |  8.0
Transmutations | 6 9 12 14 | 14.0
Unarmed Combat | 27 | 27.0
Air Magic      | 8 |  8.0
Spellcasting   | |  1.3

Action                     |  1- 3 |  4- 6 |  7- 9 | 10-12 | 13-15 | 16-18 | 19-21 | 22-24 | 25-27 || total
---------------------------+-------+-------+-------+-------+-------+-------+-------+-------+-------++-------
  Melee: Triple crossbow   |       |       |       |       |       |       |       |       |     1 ||     1
   Fire: Sling             |   121 |   179 |    78 |       |       |       |       |       |       ||   378
         Arbalest          |       |       |   124 |       |       |       |       |       |       ||   124
         Triple crossbow   |       |       |    58 |   431 |   911 |  1157 |  1167 |  1001 |  3937 ||  8662
         Longbow           |       |       |    12 |       |       |       |       |       |       ||    12
  Throw: Dart              |       |       |     1 |     1 |       |       |       |       |       ||     2
   Cast: Slow              |     2 |       |     5 |       |       |       |       |       |       ||     7
         Blink             |       |       |       |       |     9 |     5 |     1 |     7 |    40 ||    62
         Portal Projectile |       |       |       |       |     2 |     3 |     1 |     2 |    37 ||    45
         Yara's Violent Un |       |       |       |       |       |       |       |       |    13 ||    13
         Passage of Golubr |       |       |       |       |       |       |       |       |     5 ||     5
         Apportation       |       |       |       |       |       |       |       |       |     4 ||     4
         Vhi's Electric Ch |       |       |       |       |       |       |       |       |     1 ||     1
 Invoke: Heroism           |       |       |       |    10 |    19 |    13 |    26 |    20 |    19 ||   107
         Finesse           |       |       |       |     4 |     4 |     6 |    11 |     8 |    74 ||   107
         Duel              |       |       |       |       |     1 |     1 |       |       |     3 ||     5
  Evoke: Wand              |       |     8 |     1 |       |       |     5 |     6 |    10 |    15 ||    45
         Lightning rod     |       |       |       |       |       |       |       |     2 |       ||     2
    Use: Scroll            |       |       |     9 |     9 |     6 |     4 |     9 |     5 |    48 ||    90
 Armour: Robe              |    16 |     7 |    58 |    58 |       |       |       |       |       ||   139
         Ring mail         |       |    27 |     2 |       |       |       |       |       |       ||    29
         Swamp dragon scal |       |       |       |    45 |   405 |   366 |   317 |   247 |   749 ||  2129
  Dodge: Dodged            |    48 |    86 |   121 |   159 |   403 |   704 |   964 |  1023 |  3582 ||  7090
  Block: Other             |       |       |       |       |       |       |       |       |   640 ||   640
         Reflection        |       |       |       |       |       |       |       |       |     9 ||     9

Table legend: (Time is in decaauts)
 A = Elapsed time spent in this place.
 B = Non-inter-level travel time spent in this place.
 C = Inter-level travel time spent in this place.
 D = Time resting spent in this place.
 E = Time spent auto-exploring this place.
 F = Levels seen in this place.
 G = Mean time per level.
                   A        B        C        D        E       F      G
               +--------+--------+--------+--------+--------+-----+--------+
         Total |  83839 |  73629 |  10210 |   6494 |  41802 | 106 |  790.9 |
       Dungeon |  16665 |  13091 |   3574 |    599 |   9050 |  15 | 1111.0 |
        Temple |      1 |      1 |      0 |      0 |      0 |   1 |    1.0 |
          Lair |   5375 |   4597 |    778 |     95 |   3157 |   5 | 1075.0 |
         Swamp |   2860 |   2659 |    201 |     86 |   1615 |   4 |  715.0 |
     Snake Pit |   4512 |   4330 |    182 |    107 |   2769 |   4 | 1128.0 |
    Slime Pits |   2031 |   1895 |    136 |    402 |    877 |   5 |  406.2 |
  Orcish Mines |   1790 |   1482 |    308 |     30 |   1036 |   2 |  895.0 |
   Elven Halls |   2929 |   2763 |    166 |     52 |   1890 |   3 |  976.3 |
        Vaults |   8022 |   6969 |   1053 |    265 |   4286 |   5 | 1604.4 |
         Crypt |   3551 |   2877 |    674 |    159 |   1832 |   3 | 1183.7 |
          Tomb |   4783 |   3933 |    850 |   1204 |   1245 |   3 | 1594.3 |
        Depths |   6696 |   5728 |    968 |    267 |   3434 |   4 | 1674.0 |
          Hell |    801 |    661 |    140 |      2 |    315 |   1 |  801.0 |
       Gehenna |      6 |      6 |      0 |      0 |      0 |   1 |    6.0 |
       Cocytus |   1059 |   1005 |     54 |    254 |    137 |   5 |  211.8 |
      Tartarus |   2883 |   2640 |    243 |    308 |   1574 |   7 |  411.9 |
           Zot |   6663 |   5785 |    878 |    350 |   3574 |   5 | 1332.6 |
         Abyss |   2311 |   2311 |      0 |    541 |    480 |   4 |  577.8 |
   Pandemonium |   9638 |   9638 |      0 |   1427 |   4326 |  21 |  459.0 |
         Sewer |    287 |    287 |      0 |      0 |    141 |   1 |  287.0 |
      Ice Cave |    449 |    449 |      0 |    130 |     61 |   1 |  449.0 |
       Volcano |    397 |    397 |      0 |    151 |      0 |   1 |  397.0 |
         Arena |    118 |    118 |      0 |     61 |      0 |   5 |   23.6 |
               +--------+--------+--------+--------+--------+-----+--------+

Top non-repeatable levels by time:
  Tomb:1: 2887 daAuts
Depths:1: 2021 daAuts
   Zot:3: 2013 daAuts
   Tar:7: 2005 daAuts
Vaults:5: 1764 daAuts
Vaults:1: 1744 daAuts
Depths:3: 1659 daAuts
 Crypt:3: 1653 daAuts
    D:15: 1651 daAuts
Vaults:2: 1639 daAuts
   Zot:1: 1577 daAuts
     D:4: 1539 daAuts
Depths:2: 1510 daAuts
Depths:4: 1505 daAuts
Vaults:4: 1474 daAuts
